AoeStats
← 859

Lombardia

509941680Analyzed
4v4 RM · 5d ago on Sep 28, 2026· 55m 36s· 8 players
Game mode
Random Map
Map size
Large (8 player)
Population
200
Speed
Normal
Resources
Standard
Victory
Conquest
Starting age
Dark Age
Ending age
Imperial Age
RankedLock teamsTeams togetherTeam positionsShared explorationLock speedFull tech treeHidden civsTurbo modeCheats
Victory
Defeat
🇩🇪 Varangians · Germany
1340
+16
🇫🇮 Persians · Finland
1307
+17
🇨🇿 Hindustanis · Czechia
1278
+19
🇪🇸 Danes · Spain
1261
+19
🇺🇸 Varangians · United States
1420
-21
🇨🇳 Mongols · China
1389
-20
🇨🇳 Persians · China
1297
-16
🇦🇷 Italians · Argentina
1245
-14
CARANZA
3:35 Loom
11:03 Feudal Age
11:32 Double-Bit Axe
18:00 Castle Age
16:19 Gold Mining
16:15 Horse Collar
18:40 Forging
19:33 Heavy Plow
20:45 Fervor
21:50 Wheelbarrow
22:18 Bow Saw
24:01 Hand Cart
25:48 Pikeman
26:30 Squires
28:02 Forging
28:14 Arson
28:15 Gambesons
32:19 Imperial Age
30:08 Caravan
30:50 Iron Casting
30:15 Scale Mail Armor
31:34 Hamask
32:34 Elite Varangian Guard
34:20 Conscription
34:30 Halberdier
36:08 Elite Jomsviking
36:31 Onager
38:27 Capped Ram
39:23 Fletching
39:33 Padded Archer Armor
40:05 Siege Onager
42:27 Chemistry
47:57 Blast Furnace
47:20 Chain Mail Armor
47:42 Siege Ram
maniak
3:37 Loom
11:16 Feudal Age
12:40 Double-Bit Axe
12:38 Horse Collar
18:30 Castle Age
21:21 Wheelbarrow
21:14 Bow Saw
21:13 Heavy Plow
23:01 Gold Mining
24:03 Stone Mining
25:38 Gold Shaft Mining
25:49 Caravan
32:05 Imperial Age
30:32 Grand Trunk Road
30:56 Scale Barding Armor
31:02 Forging
31:12 Bloodlines
31:02 Husbandry
33:25 Conscription
33:44 Iron Casting
33:30 Chain Barding Armor
32:50 Heavy Camel Rider
34:34 Imperial Camel Rider
36:23 Plate Barding Armor
37:19 Blast Furnace
36:11 Fletching
36:22 Padded Archer Armor
36:22 Town Watch
36:35 Elite Skirmisher
37:21 Thumb Ring
38:01 Shatagni
38:18 Padded Archer Armor
39:43 Chemistry
39:30 Bodkin Arrow
39:08 Elite Ghulam
40:14 Ballistics
42:49 Coinage
43:05 Hoardings
42:48 Town Patrol
45:15 Hand Cart
45:33 Siege Engineers
50:11 Masonry
50:16 Bracer
50:32 Leather Archer Armor
51:15 Stone Shaft Mining
54:25 Ring Archer Armor
kim.henrik.himanen69
4:46 Loom
13:28 Feudal Age
14:15 Double-Bit Axe
14:12 Horse Collar
16:57 Castle Age
17:46 Bow Saw
17:39 Heavy Plow
25:16 Town Watch
27:07 Stone Mining
27:07 Gold Mining
28:05 Gold Mining
28:53 Caravan
29:46 Wheelbarrow
31:17 Hand Cart
32:05 Fletching
35:08 Imperial Age
34:30 Scale Barding Armor
34:35 Forging
35:06 Gold Shaft Mining
35:20 Stone Shaft Mining
35:46 Chain Barding Armor
34:54 Elite War Elephant
36:40 Two-Man Saw
36:57 Iron Casting
37:49 Plate Barding Armor
39:22 Blast Furnace
38:36 Devotion
40:13 Husbandry
40:23 Bloodlines
42:05 Hoardings
41:50 Conscription
41:59 Ballistics
41:50 Masonry
52:10 Bodkin Arrow
53:54 Citadels
[VYRE] Vantage
6:39 Loom
9:21 Feudal Age
11:43 Double-Bit Axe
12:29 Bloodlines
13:48 Wheelbarrow
13:52 Scale Barding Armor
14:39 Forging
22:13 Castle Age
19:57 Horse Collar
22:14 Light Cavalry
23:16 Chain Barding Armor
26:14 Iron Casting
29:18 Hand Cart
31:03 Bow Saw
37:33 Imperial Age
35:48 Caravan
36:39 Treadmill Crane
37:12 Husbandry
37:47 Heavy Plow
37:41 Gold Mining
37:47 Cavalier
38:59 Conscription
39:47 Plate Barding Armor
40:10 Vendel Legacy
41:57 Blast Furnace
43:15 Conscription
49:02 Pikeman
49:45 Squires
49:31 Arson
49:47 Scale Mail Armor
50:20 Hussar
55:42 Chain Mail Armor
mrowdet
6:17 Loom
7:13 Loom
9:15 Feudal Age
10:00 Double-Bit Axe
10:32 Horse Collar
12:16 Bloodlines
20:28 Castle Age
19:08 Scale Barding Armor
19:41 Forging
21:21 Bow Saw
21:12 Heavy Plow
21:38 Husbandry
21:27 Light Cavalry
23:51 Gold Mining
26:18 Iron Casting
28:40 Vendel Legacy
31:03 Chain Barding Armor
36:03 Wheelbarrow
38:23 Imperial Age
38:30 Cavalier
39:53 Plate Barding Armor
40:01 Cavalier
41:05 Caravan
42:25 Blast Furnace
860
11:35 Feudal Age
10:55 Loom
13:44 Double-Bit Axe
16:18 Castle Age
15:16 Horse Collar
17:40 Bow Saw
22:45 Heavy Plow
23:40 Wheelbarrow
27:35 Gold Mining
27:35 Stone Mining
28:22 Hand Cart
28:53 Gold Shaft Mining
32:35 Imperial Age
29:52 Town Watch
30:34 Fletching
30:59 Fortified Wall
32:08 Ballistics
31:43 Murder Holes
32:01 Masonry
33:03 Stone Shaft Mining
32:50 Elite Mangudai
34:35 Conscription
35:12 Caravan
37:08 Chemistry
36:12 Bodkin Arrow
36:24 Padded Archer Armor
36:26 Husbandry
36:37 Bloodlines
35:49 Light Cavalry
38:04 Bracer
38:19 Leather Archer Armor
39:12 Hussar
41:17 Drill
42:01 Capped Ram
42:52 Nomads
43:11 Siege Ram
43:12 Onager
45:07 Siege Onager
46:16 Scale Barding Armor
46:21 Forging
51:01 Hoardings
50:36 Thumb Ring
51:38 Parthian Tactics
859
11:50 Feudal Age
10:59 Loom
16:50 Castle Age
14:49 Double-Bit Axe
14:48 Horse Collar
17:29 Bow Saw
18:46 Wheelbarrow
19:33 Heavy Plow
33:00 Imperial Age
30:33 Gold Mining
30:36 Stone Mining
31:38 Hand Cart
31:38 Scale Barding Armor
31:44 Forging
33:09 Chain Barding Armor
33:55 Crop Rotation
34:30 Two-Man Saw
33:12 Cavalier
34:03 Bloodlines
33:53 Husbandry
35:02 Gold Shaft Mining
35:07 Plate Barding Armor
35:08 Iron Casting
35:47 Caravan
39:02 Stone Shaft Mining
37:52 Savar
39:58 Pikeman
40:24 Gambesons
40:40 Squires
40:25 Arson
41:47 Blast Furnace
40:47 Scale Mail Armor
44:56 Halberdier
46:27 Chain Mail Armor
47:50 Light Cavalry
49:46 Plate Mail Armor
GhosTSnihsa
11:22 Feudal Age
14:57 Castle Age
13:03 Double-Bit Axe
13:01 Horse Collar
14:28 Loom
16:59 Bow Saw
17:01 Fletching
21:59 Fervor
22:46 Town Watch
24:32 Wheelbarrow
26:27 Silk Road
26:48 Hand Cart
27:38 Fletching
29:41 Caravan
34:27 Imperial Age
32:03 Padded Archer Armor
32:40 Thumb Ring
32:32 Bodkin Arrow
33:06 Leather Archer Armor
35:13 Gold Mining
35:16 Stone Mining
35:27 Heavy Plow
35:00 Elite Genoese Crossbowman
36:03 Conscription
36:39 Pirotechnia
37:40 Chemistry
37:14 Bracer
37:44 Ring Archer Armor
39:05 Murder Holes
49:20 Two-Man Saw
Connection lost

Rejoining the realm…

Still unreachable

The connection could not be restored.

Session expired

The server has moved on; the page needs a fresh start.